AoeStats
← сербский

Arabia

509387839Analyzed
3v3 RM · 7d ago on Sep 26, 2026· 62m 47s· 6 players
Game mode
Random Map
Map size
Normal (6 player)
Population
200
Speed
Normal
Resources
Standard
Victory
Conquest
Starting age
Dark Age
Ending age
Imperial Age
RankedLock teamsTeams togetherTeam positionsShared explorationLock speedFull tech treeHidden civsTurbo modeCheats
Victory
Defeat
🇩🇪 Maya · Germany
1041
+13
🇨🇴 Lithuanians · Colombia
995
+14
🇨🇱 Slavs · Chile
968
+15
🇲🇽 Bulgarians · Mexico
1058
-17
🇲🇽 Hindustanis · Mexico
1026
-17
🇺🇸 Persians · United States
798
-8
gallinet.o
9:28 Feudal Age
12:48 Forging
14:22 Wheelbarrow
19:13 Castle Age
18:25 Double-Bit Axe
20:48 Horse Collar
22:14 Fletching
31:11 Imperial Age
29:52 Stone Mining
30:05 Loom
34:01 Chemistry
36:15 Heavy Plow
37:32 Scale Barding Armor
39:37 Iron Casting
40:01 Cavalier
51:43 Hand Cart
53:51 Town Watch
54:18 Bow Saw
58:05 Crop Rotation
58:07 Gold Mining
сербский
8:10 Loom
10:24 Feudal Age
12:08 Double-Bit Axe
13:39 Horse Collar
16:00 Forging
21:25 Castle Age
22:55 Bow Saw
27:48 Heavy Plow
28:56 Wheelbarrow
28:58 Stone Mining
29:26 Gold Mining
29:29 Pikeman
30:09 Squires
30:16 Scale Mail Armor
31:09 Gold Shaft Mining
31:13 Iron Casting
30:46 Scale Barding Armor
30:43 Padded Archer Armor
32:36 Hand Cart
32:07 Town Watch
32:39 Bloodlines
32:30 Husbandry
34:58 Chain Barding Armor
35:18 Town Patrol
38:46 Imperial Age
37:18 Leather Archer Armor
39:16 Ballistics
38:21 Elite Skirmisher
39:30 Chain Mail Armor
39:54 Conscription
40:41 Chemistry
39:05 Capped Ram
40:57 Two-Man Saw
40:57 Crop Rotation
40:15 Elite Boyar
40:40 Siege Ram
42:47 Blast Furnace
46:49 Plate Mail Armor
46:54 Plate Barding Armor
46:51 Ring Archer Armor
47:48 Druzhina
48:24 Hoardings
47:49 Fletching
47:41 Halberdier
51:57 Bodkin Arrow
HyWii
0:28 Loom
10:47 Feudal Age
12:07 Double-Bit Axe
18:02 Fletching
23:47 Castle Age
22:26 Gold Mining
23:22 Padded Archer Armor
24:23 Crossbowman
26:42 Bow Saw
27:37 Horse Collar
27:57 Bodkin Arrow
28:12 Stone Mining
29:37 Wheelbarrow
39:26 Imperial Age
41:58 Arbalester
53:31 Two-Man Saw
54:11 Bracer
56:26 Heavy Plow
56:59 Thumb Ring
58:17 Leather Archer Armor
60:24 Hand Cart
59:56 Capped Ram
61:22 Stone Shaft Mining
61:28 Ring Archer Armor
61:43 Siege Ram
Rayne
10:03 Loom
11:49 Feudal Age
18:25 Castle Age
17:22 Scale Barding Armor
18:36 Bloodlines
18:25 Double-Bit Axe
18:23 Horse Collar
20:24 Bow Saw
21:32 Husbandry
29:03 Chain Barding Armor
28:54 Forging
32:35 Kamandaran
38:34 Imperial Age
36:51 Wheelbarrow
35:50 Crossbowman
36:36 Thumb Ring
38:31 Iron Casting
50:07 Cavalier
57:25 Savar
ferc13
5:34 Loom
12:04 Feudal Age
12:41 Horse Collar
18:08 Castle Age
19:00 Squires
24:06 Scale Barding Armor
24:04 Scale Mail Armor
24:00 Gambesons
27:27 Chain Mail Armor
30:37 Wheelbarrow
29:49 Town Watch
30:23 Double-Bit Axe
31:37 Gold Mining
32:52 Heavy Plow
36:47 Forging
40:43 Iron Casting
40:14 Stone Mining
47:50 Imperial Age
49:18 Plate Mail Armor
49:48 Blast Furnace
48:12 Capped Ram
49:15 Pikeman
50:03 Siege Ram
51:20 Conscription
51:02 Bagains
53:39 Halberdier
54:48 Fletching
55:29 Bodkin Arrow
56:20 Hand Cart
midad10
7:30 Loom
10:19 Feudal Age
14:51 Castle Age
17:41 Horse Collar
20:07 Double-Bit Axe
21:25 Bow Saw
23:34 Husbandry
24:35 Bloodlines
24:47 Heavy Plow
26:17 Wheelbarrow
28:11 Scale Barding Armor
28:17 Forging
31:13 Chain Barding Armor
31:29 Iron Casting
30:55 Gold Mining
31:46 Stone Mining
32:55 Iron Casting
39:43 Imperial Age
37:38 Ballistics
38:22 Grand Trunk Road
40:56 Gold Shaft Mining
41:14 Plate Barding Armor
41:40 Blast Furnace
42:17 Conscription
43:33 Blast Furnace
43:54 Heavy Camel Rider
50:04 Scale Mail Armor
54:36 Imperial Camel Rider
57:03 Shatagni
Connection lost

Rejoining the realm…

Still unreachable

The connection could not be restored.

Session expired

The server has moved on; the page needs a fresh start.